 Dungeon Crawl Stone Soup version 0.24-a0-584-g9d6b971ae4 (webtiles) character file.

Game seed: 13433829439576165378, levelgen mode: deterministic

308 Mithandil the Skirmisher (level 6, 0/47 HPs)
             Began as a Demonspawn Abyssal Knight on Sept 4, 2019.
             Was a Believer of Lugonu.
             Slain by Sigmund
             ... wielding a +0 scythe
              (7 damage)
             ... on level 3 of the Dungeon.
             The game lasted 00:14:16 (2707 turns).

Mithandil the Skirmisher (DsAK)                     Turns: 2707, Time: 00:14:17

Health: 0/47       AC:  6    Str: 15    XL:     6   Next: 17%
Magic:  8/8        EV:  9    Int: 11    God:    Lugonu [**....]
Gold:   123        SH:  4    Dex: 12    Spells: 5/5 levels left

rFire    . . .     SeeInvis .   a - +3 falchion
rCold    + . .     Gourm    .   q - +0 buckler
rNeg     . . .     Faith    .   h - +0 scale mail
rPois    .         Spirit   .   (helmet restricted)
rElec    .         Reflect  .   (no cloak)
rCorr    .         Harm     .   (no gloves)
MR       .....                  (no boots)
Stlth    ..........             d - amulet of magic regeneration
HPRegen  0.15/turn              (no ring)
MPRegen  0.36/turn              (no ring)

@: no status effects
A: hooves 1, horns 1, cold resistance 1, demonic guardian 1, dopey 1, spiny 1
a: Depart the Abyss, Bend Space, Renounce Religion


You were on level 3 of the Dungeon.
You worshipped Lugonu.
Lugonu was pleased with you.
You were not hungry.

You visited 1 branch of the dungeon, and saw 4 of its levels.
You visited the Abyss 1 time.

You collected 123 gold pieces.

Inventory:

Hand Weapons
 a - a +3 falchion (weapon)
 b - a +0 hand axe of freezing
 j - a cursed +0 hunting sling
 t - a +0 trident
 v - a +2 short sword of draining
Missiles
 e - 24 sling bullets
 g - 15 poisoned darts
 l - 53 stones
 o - 2 javelins
 p - 9 boomerangs (quivered)
Armour
 h - a +0 scale mail (worn)
 q - a +0 buckler (worn)
Jewellery
 d - an amulet of magic regeneration (around neck)
Scrolls
 f - a scroll of amnesia {unknown}
 i - a scroll of fear {unknown}
 k - a scroll of teleportation {unknown}
 m - 3 scrolls of identify {unknown}
 n - 2 scrolls of remove curse
 u - a scroll of enchant armour {unknown}
Potions
 r - 2 potions of mutation
Comestibles
 c - 5 rations
 s - 6 chunks of flesh


   Skills:
 + Level 3.5 Fighting
 * Level 3.3 Long Blades
 + Level 2.5 Armour
 + Level 2.0 Dodging
 - Level 1.0 Stealth
 * Level 2.2 Shields
 - Level 1.0 Unarmed Combat
 + Level 3.5 Invocations


You had 5 spell levels left.
You didn't know any spells.
Your spell library was empty.

Dungeon Overview and Level Annotations

Branches:
Dungeon (4/15)
 Temple: D:4-7

Altars:
Fedhas
The Shining One

Annotations:
D:3 Sigmund


Innate Abilities, Weirdness & Mutations

You have large cloven feet.
A weak demonic guardian rushes to your aid.
You are partially covered in sharp spines.
You have a pair of small horns on your head.
Your flesh is cold resistant. (rC+)
You are dopey. (Int -2)


Message History

Sigmund the Dreaded comes into view.
He is wielding a +0 scythe.
Sigmund shouts!
Sigmund casts a spell.
Sigmund flickers and vanishes!
Deactivating autopickup; reactivate with Ctrl-A.
You block something's attack.
You barely miss something. You headbutt something! Something hits you!
You miss something. Your kick misses something. Your headbutt misses something.
Something completely misses you.
You hit something. Something hits you.
You hit something. You kick something. You miss something. Something hits you!
You hit something but do no damage. Your kick misses something.
Something hits you!
You hit something. Your kick misses something. Something hits you.
You hit something. You kick something. Your headbutt misses something.
You hit something. Something hits you!
* * * LOW HITPOINT WARNING * * *
You miss something. Something hits you!
You die...

.# .# #.#
#.## #.!
#.#
####{###
#..@...##
#.#5....#
#.......#
###.....#
##...##
#..##
##.# ##.
#.# #..
####.#


You could see a friendly iron imp.

Vanquished Creatures
  A sky beast (D:3)
  An orc priest (D:3)
  A hound (D:3)
  Jessica (D:3)
  6 adders
  2 oozes (D:1)
  4 worms
  9 orcs
  4 giant cockroaches (D:3)
  4 goblins (D:1)
  6 hobgoblins
  8 jackals
  A quokka (D:3)
  2 ball pythons
  7 bats
  2 frilled lizards (D:1)
  9 kobolds
  2 rats
70 creatures vanquished.

Vanquished Creatures (collateral kills)
  3 orcs (D:3)
  A jackal (D:3)
4 creatures vanquished.

Grand Total: 74 creatures vanquished

Notes
Turn   | Place    | Note
-------+----------+-------------------------------------------
     0 | Abyss:1  | Mithandil the Demonspawn Abyssal Knight began the quest for
                  | the Orb.
     0 | Abyss:1  | Reached XP level 1. HP: 18/18 MP: 2/2
    18 | Abyss:1  | Found a corrupted altar of Lugonu.
    33 | Abyss:1  | Found a roughly hewn altar of Beogh.
    86 | Abyss:1  | Noticed a tentacled starspawn
    96 | D:1      | Escaped the Abyss
   160 | D:1      | Reached skill level 1 in Dodging
   248 | D:1      | Reached * piety under Lugonu
   248 | D:1      | Gained mutation: You have large cloven feet. [demonic
                  | ancestry]
   248 | D:1      | Reached XP level 2. HP: 18/24 MP: 3/3
   611 | D:1      | Gained mutation: A weak demonic guardian rushes to your
                  | aid. [demonic ancestry]
   611 | D:1      | Reached XP level 3. HP: 25/29 MP: 3/5
   657 | D:1      | Gained mutation: Your flesh is cold resistant. (rC+)
                  | [potion of mutation]
   657 | D:1      | Gained mutation: You are dopey. (Int -2) [potion of
                  | mutation]
   657 | D:1      | Gained mutation: You have a pair of small horns on your
                  | head. [potion of mutation]
  1393 | D:2      | Reached skill level 1 in Stealth
  1825 | D:2      | Gained mutation: You are partially covered in sharp spines.
                  | [demonic ancestry]
  1825 | D:2      | Reached XP level 4. HP: 35/35 MP: 6/6
  1958 | D:3      | Found a glowing golden altar of the Shining One.
  1959 | D:3      | Noticed a sky beast
  1963 | D:3      | Reached skill level 1 in Unarmed Combat
  1973 | D:3      | Killed a sky beast
  1973 | D:3      | Reached skill level 1 in Shields
  1973 | D:3      | Reached XP level 5. HP: 8/41 MP: 7/7
  1975 | D:3      | HP: 2/41 [orc/+0 trident (6)]
  2349 | D:3      | Noticed Jessica
  2365 | D:3      | Killed Jessica
  2365 | D:3      | Reached ** piety under Lugonu
  2549 | D:3      | Reached XP level 6. HP: 39/47 MP: 8/8
  2639 | D:3      | Found a blossoming altar of Fedhas.
  2691 | D:3      | Noticed Sigmund
  2707 | D:3      | Slain by Sigmund

Levels and vault maps discovered:
D:1:      wander_arrival_chamber, layout_basic, serial_bayou_pond_b,
          hangedman_decor_points
D:2:      layout_basic
D:3:      layout_loops_ring, nicolae_overflow_crystal_walls, lemuel_round_altar,
          uniq_jessica, uniq_sigmund
D:4:      layout_gridville, hellmonk_ghost_happy_afterlife, first_ration

Skill      XL: |  1  2  3  4  5 |
---------------+----------------+-----
Dodging        | 1 2 |  2.0
Long Blades    | 2 3 |  3.3
Armour         | 2 |  2.5
Stealth        | 1 |  1.0
Invocations    | 3 |  3.5
Unarmed Combat | 1 |  1.0
Shields        | 1 2 |  2.2
Fighting       | |  3.5

Action                   |  1- 3 |  4- 6 || total
-------------------------+-------+-------++-------
Melee: Falchion          |    93 |    86 ||   179
       Kick              |    19 |    20 ||    39
       Headbutt          |    10 |    13 ||    23
Invok: Depart the Abyss  |     1 |       ||     1
  Use: Scroll            |     3 |       ||     3
       Potion            |     4 |       ||     4
  Eat: Chunk             |     3 |     3 ||     6
Armor: Leather armour    |     8 |       ||     8
       Scale mail        |    36 |    17 ||    53
Dodge: Dodged            |    54 |    28 ||    82
Block: Buckler           |     3 |    14 ||    17
       Rpst.: Falchion   |    15 |     3 ||    18

Table legend:
 A = Non-vault XP
 B = Vault XP
 C = Vault XP percentage of total XP
 D = Non-vault monster count
 E = Vault monster count
 F = Vault count percentage of total count
                 A         B        C        D         E       F
            +---------+---------+-------+---------+---------+-------
      Total |     401 |      40 |   9.1 |      70 |       4 |   5.4
            +---------+---------+-------+---------+---------+-------
        D:1 |      44 |       3 |   6.4 |      20 |       3 |  13.0
        D:2 |      52 |       0 |   0.0 |      16 |       0 |   0.0
        D:3 |     305 |      37 |  10.8 |      34 |       1 |   2.9
            +---------+---------+-------+---------+---------+-------
